 Dungeon Crawl Stone Soup version 0.21-a0-591-g2314aa1 (webtiles) character file.

84 teukkam the Changer (level 4, -5/32 HPs)
             Began as a Gnoll Wanderer on Dec 22, 2017.
             Slain by a worker ant (6 damage)
             ... on level 4 of the Dungeon.
             The game lasted 00:16:23 (3143 turns).

teukkam the Changer (Gnoll Wanderer)                Turns: 3143, Time: 00:16:23

Health: -5/32      AC:  2    Str: 15    XL:     4   Next: 45%
Magic:  6/8        EV: 11    Int: 17    God:
Gold:   147        SH:  5    Dex: 14    Spells: 2/9 levels left

rFire    . . .     SeeInvis .   a - +2 dagger (protect)
rCold    . . .     Gourm    .   c - +1 buckler
rNeg     . . .     Faith    .   d - +0 robe
rPois    .         Spirit   .   (no helmet)
rElec    .         Reflect  .   (no cloak)
rCorr    .         Harm     .   (no gloves)
MR       .....                  (no boots)
Stlth    ++........             (no amulet)
HPRegen  0.10/turn              (no ring)
MPRegen  0.11/turn              (no ring)

@: lethally poisoned (-5 -> -11), very slightly contaminated
A: distributed training, fangs 1, blink, clever 1, sense surroundings 1, strong
nose
a: Blink


You were on level 4 of the Dungeon.
You were not hungry.

You visited 1 branch of the dungeon, and saw 4 of its levels.

You collected 147 gold pieces.

Inventory:

Hand Weapons
 a - a +2 dagger of protection (weapon)
Missiles
 e - 6 stones
 i - 4 javelins (quivered)
 k - 3 tomahawks
Armour
 c - a +1 buckler (worn)
 d - a +0 robe (worn)
Scrolls
 f - a scroll of random uselessness {unknown}
 g - a scroll of fog {unknown}
 j - a scroll of enchant weapon
 p - 2 scrolls of teleportation
Books
 b - the Papyrus of Ignition

   Spells                             Type                      Level
   a - Flame Tongue                   Conjuration/Fire             1
   b - Conjure Flame                  Conjuration/Fire             3
 m - a book of Geomancy

   Spells                             Type                      Level
   a - Sandblast                      Earth                        1
   b - Passwall                       Transmutation/Earth          2
   c - Stone Arrow                    Conjuration/Earth            3
   d - Petrify                        Transmutation/Earth          4
   e - Lee's Rapid Deconstruction     Earth                        5


   Skills:
 + Level 1.1 Fighting
 + Level 1.1 Short Blades
 + Level 1.1 Long Blades
 + Level 1.1 Axes
 + Level 1.1 Maces & Flails
 + Level 1.1 Polearms
 + Level 1.1 Staves
 + Level 1.1 Slings
 + Level 1.1 Bows
 + Level 1.1 Crossbows
 + Level 2.7 Throwing
 + Level 1.1 Armour
 + Level 1.1 Dodging
 + Level 1.1 Stealth
 + Level 2.7 Shields
 + Level 1.1 Unarmed Combat
 + Level 3.0 Spellcasting
 + Level 3.8 Conjurations
 + Level 0.9 Hexes
 + Level 0.9 Charms
 + Level 0.9 Summonings
 + Level 0.9 Necromancy
 + Level 0.9 Translocations
 + Level 7.1 Transmutations
 + Level 0.9 Fire Magic
 + Level 2.2 Ice Magic
 + Level 0.9 Air Magic
 + Level 0.9 Earth Magic
 + Level 0.9 Poison Magic
 + Level 1.2 Invocations
 + Level 1.1 Evocations


You had 2 spell levels left.
You knew the following spells:

 Your Spells              Type           Power        Failure   Level  Hunger
a - Flame Tongue          Conj/Fire      ##...        8%          1    None
b - Passwall              Tmut/Erth      ###.......   6%          2    ##.....
c - Petrify               Tmut/Erth      ###.....     36%         4    ####...


Dungeon Overview and Level Annotations

Branches:
Dungeon (4/15)
 Temple: D:4-7

Altars:
Elyvilon
Nemelex Xobeh

Annotations:
D:3 Grinder


Innate Abilities, Weirdness & Mutations

Your experience applies equally to all skills.
You have very sharp teeth.
Your uncanny sense of smell can sniff out nearby items.
You can translocate small distances at will.
Your mind is acute. (Int +2)
You passively map a small area around you.


Message History

Aiming: Flame Tongue
Press: ? - help, Shift-Dir - straight line, f/p - worker ant
Aim: a worker ant The flame tongue hits the worker ant.
The worker ant is lightly wounded.
You feel sick. The worker ant bites you.
* * * LOW HITPOINT WARNING * * *
You aren't carrying any potions.
You blink.
You feel slightly more hungry.
* * * LOW HITPOINT WARNING * * *
You feel sick.
Found a scroll labeled XUTHUS DEAFF.
* * * LOW HITPOINT WARNING * * *
You feel sick.
* * * LOW HITPOINT WARNING * * *
You feel sick.
You see here a scroll labeled XUTHUS DEAFF.
g - a scroll labeled XUTHUS DEAFF The worker ant bites you.
You die...

, * * ,##, *
, ,, ,.., *
,.#, , , #*
.#, , *
#.###.## *+ *
#...#.## *
#.###a#.# * *
,* ##.# ##@#
* #.####§#
##.## ,*
#.....# #..+
#.####.##
*#..## , * ,*
##.####...###
* ,
##.#r≈...≈≈#
, *
#.#≈..♣..≈# ,
###......r...
* *
#....r♣._.♣..


You could see a worker ant and a neutral quokka (wandering).

Vanquished Creatures
  2 adders
  An ooze (D:1)
  3 worms
  A ball python (D:2)
  5 bats (D:1)
  4 giant cockroaches
  12 goblins
  4 hobgoblins
  2 jackals (D:1)
  5 kobolds
  4 frilled lizards (D:1)
  8 rats
51 creatures vanquished.

Vanquished Creatures (others)
  A ball python (D:2)
1 creature vanquished.

Grand Total: 52 creatures vanquished

Notes
Turn   | Place    | Note
-------+----------+-------------------------------------------
     0 | D:1      | teukkam the Gnoll Wanderer began the quest for the Orb.
     0 | D:1      | teukkam set off with: a book of Geomancy, the Papyrus of Ignition, a +0 buckler, a +0 robe, a +0 club, a ration
     0 | D:1      | Reached XP level 1. HP: 13/13 MP: 4/4
    11 | D:1      | Identified the Papyrus of Ignition
    39 | D:1      | Learned a level 1 spell: Flame Tongue
    77 | D:1      | Reached XP level 2. HP: 17/19 MP: 3/5
   333 | D:1      | Learned a level 2 spell: Passwall
   676 | D:1      | Reached XP level 3. HP: 25/25 MP: 5/7
   902 | D:2      | Reached skill level 1 in Invocations
  1107 | D:2      | Reached skill level 1 in Fighting
  1107 | D:2      | Reached skill level 1 in Short Blades
  1107 | D:2      | Reached skill level 1 in Long Blades
  1107 | D:2      | Reached skill level 1 in Axes
  1107 | D:2      | Reached skill level 1 in Maces & Flails
  1107 | D:2      | Reached skill level 1 in Polearms
  1107 | D:2      | Reached skill level 1 in Staves
  1107 | D:2      | Reached skill level 1 in Slings
  1107 | D:2      | Reached skill level 1 in Bows
  1107 | D:2      | Reached skill level 1 in Crossbows
  1107 | D:2      | Reached skill level 1 in Armour
  1107 | D:2      | Reached skill level 1 in Dodging
  1107 | D:2      | Reached skill level 1 in Stealth
  1107 | D:2      | Reached skill level 1 in Unarmed Combat
  1107 | D:2      | Reached skill level 1 in Evocations
  1107 | D:2      | Reached XP level 4. HP: 27/32 MP: 5/8
  2092 | D:2      | Gained mutation: Your mind is acute. (Int +2) [potion of mutation]
  2092 | D:2      | Gained mutation: You can translocate small distances at will. [potion of mutation]
  2092 | D:2      | Gained mutation: You passively map a small area around you. [potion of mutation]
  2775 | D:3      | Learned a level 4 spell: Petrify
  2783 | D:3      | Found a sparkling altar of Nemelex Xobeh.
  2783 | D:3      | Noticed Grinder
  2789 | D:3      | HP: 1/32 [Grinder (1)]
  3114 | D:4      | Found a white marble altar of Elyvilon.
  3142 | D:4      | HP: 1/32 [poisoned by a worker ant]
  3143 | D:4      | Slain by a worker ant

Vault maps used:
D:1:      lemuel_arrival_behind_the_door_large
D:2:      wad_lake_hut, lemuel_flame_loot_1
D:3:      nemelex_xobeh_ov_fountains_minmay, uniq_grinder, uniq_terence
D:4:      elyvilon_altar_4, tso_altar, minitemple,
          minmay_temple_entry_large_hall, hangedman_decor_lopped, uniq_edmund

Skill      XL: |  1  2  3  4 |
---------------+-------------+-----
Ice Magic      | 2 |  2.2
Invocations    | 1 |  1.2
Fighting       | 1 |  1.1
Short Blades   | 1 |  1.1
Long Blades    | 1 |  1.1
Axes           | 1 |  1.1
Maces & Flails | 1 |  1.1
Polearms       | 1 |  1.1
Staves         | 1 |  1.1
Slings         | 1 |  1.1
Bows           | 1 |  1.1
Crossbows      | 1 |  1.1
Armour         | 1 |  1.1
Dodging        | 1 |  1.1
Stealth        | 1 |  1.1
Unarmed Combat | 1 |  1.1
Evocations     | 1 |  1.1
Spellcasting   | 3 |  3.0
Throwing       | |  2.7
Shields        | |  2.7
Conjurations   | |  3.8
Hexes          | |  0.9
Charms         | |  0.9
Summonings     | |  0.9
Necromancy     | |  0.9
Translocations | |  0.9
Transmutations | |  7.1
Fire Magic     | |  0.9
Air Magic      | |  0.9
Earth Magic    | |  0.9
Poison Magic   | |  0.9

Action                   |  1- 3 |  4- 6 || total
-------------------------+-------+-------++-------
Melee: Club              |    30 |       ||    30
       Dagger            |    22 |    39 ||    61
       Bite              |     1 |     5 ||     6
       Short sword       |     6 |       ||     6
Throw: Javelin           |    22 |     6 ||    28
 Cast: Flame Tongue      |    23 |    12 ||    35
       Passwall          |     8 |     1 ||     9
 Abil: Blink             |       |     5 ||     5
  Use: Scroll            |       |     8 ||     8
       Potion            |       |     3 ||     3
 Stab: Sleeping          |     4 |     1 ||     5
  Eat: Chunk             |     1 |     3 ||     4
       Ration            |       |     2 ||     2
Armor: Robe              |    15 |    10 ||    25
Dodge: Dodged            |    39 |    17 ||    56
Block: Buckler           |    18 |     7 ||    25

Table legend:
 A = Spawn XP
 B = Non-spawn XP
 C = Spawn XP percentage of total XP
 D = Spawn monster count
 E = Non-spawn monster count
 F = Spawn count percentage of total count
 G = Total turns spent on level
                    A         B        C        D         E        F      G
               +---------+---------+-------+---------+---------+-------+---------
         Total |       0 |     120 |   0.0 |       0 |      51 |   0.0 |  3143
               +---------+---------+-------+---------+---------+-------+---------
           D:1 |       0 |      56 |   0.0 |       0 |      31 |   0.0 |   898
           D:2 |       0 |      44 |   0.0 |       0 |      17 |   0.0 |  1970
           D:3 |       0 |      20 |   0.0 |       0 |       3 |   0.0 |   246
               +---------+---------+-------+---------+---------+-------+---------
